[Event "Titled Tuesday Blitz May 17 Late 2022"]
[White "Romanchuk, Viktor"]
[Black "Rychagov, Andrey"]
[WhiteFideId "14109271"]
[BlackFideId "4119932"]
[WhiteElo "2242"]
[BlackElo "2500"]
[Result "0-1"]
[Round "09"]
[TimeControl "180+1"]
[Date "2022.05.17"]
[WhiteClock "0:00:16"]
[BlackClock "0:01:21"]

1. d4 f5 2. Nc3 Nf6 3. Bg5 d5 4. f3 Nc6 5. Qd2 g6 6. O-O-O Bg7 7. e4 fxe4 8. fxe4 Nxe4 9. Nxe4 dxe4 10. Bb5 O-O 11. Ne2 Bf5 12. h3 Qd6 13. g4 Bd7 14. c3 Na5 15. Bxd7 Qxd7 16. Qe3 Qd5 17. b3 Rf3 18. Qd2 Rd3 19. Qf4 Rf8 20. Bxe7 Nxb3+ 21. axb3 Rxf4 22. Nxf4 Rxc3+ 23. Kd2 Qxd4+ 0-1


[Site "https://www.chess.com"]

[Event "Titled Tuesday Blitz May 17 Late 2022"]
[White "Ronka, Erik"]
[Black "Fishbein, Alexander"]
[WhiteFideId "505080"]
[BlackFideId "2000377"]
[WhiteElo "2264"]
[BlackElo "2442"]
[Result "0-1"]
[Round "09"]
[TimeControl "180+1"]
[Date "2022.05.17"]
[WhiteClock "0:00:08"]
[BlackClock "0:00:56"]

1. e4 c5 2. Nf3 d6 3. d4 cxd4 4. Nxd4 Nf6 5. Nc3 Nc6 6. Bg5 e6 7. Qd2 Be7 8. O-O-O O-O 9. f4 h6 10. h4 Qb6 11. Nxc6 bxc6 12. e5 dxe5 13. fxe5 hxg5 14. exf6 Bxf6 15. hxg5 Rb8 16. b3 Be5 17. Bd3 g6 18. Ne4 Qb4 19. c3 Qa3+ 20. Kb1 Rd8 21. Nf6+ Kf8 22. Rh8+ Ke7 23. Rxd8 Rxb3+ 24. axb3 Qxb3+ 25. Qb2 Qxd1+ 26. Ka2 Qa4+ 27. Kb1 Kxd8 28. Bc2 Qb5 29. Bb3 Kc7 30. Ne8+ Kb8 31. Ka2 Qa5+ 0-1


[Site "https://www.chess.com"]

[Event "Titled Tuesday Blitz May 17 Late 2022"]
[White "Rustemov, Alexander"]
[Black "De La Colina, Nicolas"]
[WhiteFideId "4119002"]
[BlackFideId "30946921"]
[WhiteElo "2798"]
[BlackElo "2046"]
[Result "1-0"]
[Round "09"]
[TimeControl "180+1"]
[Date "2022.05.17"]
[WhiteClock "0:01:40"]
[BlackClock "0:00:02"]

1. d4 Nf6 2. c4 g6 3. Nf3 Bg7 4. g3 d6 5. Bg2 O-O 6. Nc3 Nc6 7. O-O e5 8. h3 h6 9. Be3 Re8 10. dxe5 Nxe5 11. Nxe5 Rxe5 12. Qd2 Kh7 13. Rfd1 a6 14. c5 Ne8 15. Bd4 Re6 16. Bxg7 Kxg7 17. Nd5 dxc5 18. Qc3+ Nf6 19. Nb6 Qxd1+ 20. Rxd1 cxb6 21. Rd8 a5 22. g4 Kh7 23. f4 Ng8 24. e4 Re7 25. f5 a4 26. e5 a3 27. bxa3 gxf5 28. gxf5 Rc7 29. e6 fxe6 30. fxe6 Rg7 31. Qe5 Kh8 32. e7 Ra4 33. Rxg8+ Kxg8 34. e8=Q+ Kh7 1-0


[Site "https://www.chess.com"]

[Event "Titled Tuesday Blitz May 17 Late 2022"]
[White "Salem, A.R. Saleh"]
[Black "Kozak, Adam"]
[WhiteFideId "9301348"]
[BlackFideId "753246"]
[WhiteElo "2679"]
[BlackElo "2459"]
[Result "1-0"]
[Round "09"]
[TimeControl "180+1"]
[Date "2022.05.17"]
[WhiteClock "0:00:09"]
[BlackClock "0:00:01"]

1. d4 Nf6 2. c4 e6 3. Nc3 d5 4. cxd5 exd5 5. Bg5 c6 6. e3 Nbd7 7. Bd3 Be7 8. Nge2 h6 9. Bh4 Nh5 10. Bxe7 Qxe7 11. Qd2 Nb6 12. O-O O-O 13. f3 f5 14. Rae1 Be6 15. b3 Rae8 16. Bc2 Qg5 17. Nc1 Qe7 18. Nd3 Nd7 19. b4 Nhf6 20. Rb1 Rc8 21. Nf4 Qf7 22. Nce2 g5 23. Nd3 Qe7 24. Ne5 Rfe8 25. Ng3 Qh7 26. Bd3 Nxe5 27. dxe5 Nd7 28. f4 g4 29. Rfc1 b6 30. Qc2 Rf8 31. Qa4 c5 32. Qxa7 c4 33. Bc2 Ra8 34. Qc7 Qe7 35. Qc6 Rfc8 36. Qb5 Qf7 37. Ne2 Nf8 38. Nd4 Rcb8 39. Qc6 Rc8 40. Qb5 Rcb8 41. Qc6 Rc8 42. Qxb6 Rcb8 43. Qd6 Rd8 44. Qc5 Rdc8 45. Nc6 Nd7 46. Qd6 Kg7 47. b5 Rxa2 48. Nd4 Nc5 49. Ra1 Rxa1 50. Rxa1 c3 51. b6 Re8 52. Ra7 Nb7 53. Qc6 Bc8 54. Bxf5 c2 55. Bxc2 Rd8 56. e6 Qe7 57. Nf5+ 1-0


[Site "https://www.chess.com"]

[Event "Titled Tuesday Blitz May 17 Late 2022"]
[White "Shuvalova, Polina"]
[Black "Krstulovic, Alex"]
[WhiteFideId "24171760"]
[BlackFideId "760056"]
[WhiteElo "2355"]
[BlackElo "2193"]
[Result "1-0"]
[Round "09"]
[TimeControl "180+1"]
[Date "2022.05.17"]
[WhiteClock "0:00:14"]
[BlackClock "0:00:01"]

1. e4 c5 2. Nc3 Nc6 3. Bb5 Nd4 4. Nf3 a6 5. Bd3 b5 6. Nxd4 cxd4 7. Ne2 Qb6 8. c3 dxc3 9. dxc3 g6 10. Be3 Qc7 11. Bd4 e5 12. Be3 Bg7 13. a4 bxa4 14. Rxa4 Ne7 15. O-O O-O 16. Qd2 Bb7 17. Rfa1 f5 18. Bg5 Nc6 19. exf5 gxf5 20. Bxa6 Bxa6 21. Rxa6 Rab8 22. h3 f4 23. R6a4 Rf5 24. Bh4 Rh5 25. Qd5+ Kh8 26. Nxf4 Rh6 27. Nd3 Rg6 28. Rg4 Rd6 29. Qe4 Re6 30. Bg3 Rd8 31. Qf5 Rf6 32. Qg5 Rf7 33. Re1 d6 34. Qh5 Rdf8 35. Re3 Qa7 36. Kh2 Ne7 37. Rh4 Bf6 38. Rb4 Bg7 39. Qe2 Nd5 40. Rbe4 Nxe3 41. Rxe3 Qa6 42. Qh5 Qc4 43. Nb4 Qb3 44. Qe2 1-0


[Site "https://www.chess.com"]

[Event "Titled Tuesday Blitz May 17 Late 2022"]
[White "Sjugirov, Sanan"]
[Black "Pichot, Alan"]
[WhiteFideId "4189302"]
[BlackFideId "110973"]
[WhiteElo "2602"]
[BlackElo "2579"]
[Result "1/2-1/2"]
[Round "09"]
[TimeControl "180+1"]
[Date "2022.05.17"]
[WhiteClock "0:00:03"]
[BlackClock "0:00:16"]

1. e4 c5 2. Nf3 e6 3. d3 Nc6 4. g3 d5 5. Qe2 Nf6 6. Bg2 Be7 7. O-O O-O 8. e5 Nd7 9. c4 b5 10. b3 a6 11. Nc3 Nb6 12. h4 Bb7 13. Rd1 Qd7 14. cxd5 Nxd5 15. Nxd5 Qxd5 16. Bb2 Nd4 17. Bxd4 cxd4 18. Ne1 Qd7 19. Bxb7 Qxb7 20. Nf3 Rfd8 21. Rac1 Rac8 22. Rxc8 Qxc8 23. Qe4 Qc2 24. Rd2 Qc1+ 25. Kg2 Bb4 26. Re2 Bc3 27. Ng5 g6 28. Qf3 Rf8 29. Ne4 h5 30. Ng5 Qd1 31. Re4 Qxf3+ 32. Nxf3 Rc8 33. g4 hxg4 34. Rxg4 Kf8 35. Ng5 Bd2 36. Ne4 Bh6 37. Nd6 Rc2 38. a4 Be3 39. Ne4 b4 40. Kf3 Bh6 41. Nd6 Rc3 42. Rxd4 Rxb3 43. Ne4 Bg7 44. Kf4 Bh6+ 45. Kg4 Rb1 46. Nf6 Bd2 47. Rd8+ Kg7 48. Rg8+ Kh6 49. Rh8+ Kg7 50. Rg8+ Kh6 51. f4 b3 52. Rh8+ Kg7 53. Rg8+ Kh6 54. Rh8+ Kg7 55. Rg8+ Kh6 1/2-1/2


[Site "https://www.chess.com"]

[Event "Titled Tuesday Blitz May 17 Late 2022"]
[White "Steinberg, Nitzan"]
[Black "Moroni, Luca Jr"]
[WhiteFideId "2801795"]
[BlackFideId "865834"]
[WhiteElo "2471"]
[BlackElo "2573"]
[Result "0-1"]
[Round "09"]
[TimeControl "180+1"]
[Date "2022.05.17"]
[WhiteClock "0:00:04"]
[BlackClock "0:00:07"]

1. e4 d6 2. d4 e5 3. Nc3 exd4 4. Qxd4 Nc6 5. Qd2 g6 6. b3 Bg7 7. Bb2 Nf6 8. O-O-O O-O 9. f3 a5 10. a4 Nb4 11. Kb1 Be6 12. h4 d5 13. e5 Nd7 14. f4 Bf5 15. Rc1 Nc5 16. Qd1 d4 17. Nb5 d3 18. cxd3 Ncxd3 19. Bxd3 Nxd3 20. Ka1 Nxc1 21. Qxc1 Qd3 22. Ka2 c6 23. Nd4 b5 24. Ngf3 bxa4 25. bxa4 Rab8 26. Rd1 Be6+ 27. Ka1 Qc4 28. Qxc4 Bxc4 29. Nxc6 Rb6 30. Ne7+ Kh8 31. f5 Rfb8 32. Rd2 Rb4 33. Nc6 Rxa4+ 34. Kb1 Rc8 35. Rd6 gxf5 36. Nfd4 Ba2+ 37. Kc1 Bxe5 38. Nxf5 Bxb2+ 39. Kxb2 Be6 40. Nfd4 Rc4 41. h5 h6 42. g3 Kh7 43. Nxa5 Rb4+ 44. Ka3 Rb1 45. Nxe6 Rcb8 0-1


[Site "https://www.chess.com"]

[Event "Titled Tuesday Blitz May 17 Late 2022"]
[White "Suleymanli, Aydin"]
[Black "Riehle, Marco"]
[WhiteFideId "13413937"]
[BlackFideId "12904392"]
[WhiteElo "2481"]
[BlackElo "2462"]
[Result "0-1"]
[Round "09"]
[TimeControl "180+1"]
[Date "2022.05.17"]
[WhiteClock "0:00:03"]
[BlackClock "0:00:06"]

1. d4 d5 2. c4 e6 3. Nc3 c5 4. cxd5 cxd4 5. Qa4+ Bd7 6. Qxd4 exd5 7. Nf3 Nc6 8. Qxd5 Nf6 9. Qd1 Bc5 10. e3 Qe7 11. a3 O-O 12. Be2 Rfd8 13. Qc2 Rac8 14. O-O Ne5 15. Rd1 Bg4 16. Nd4 h6 17. h3 Bxe2 18. Qxe2 a6 19. Nb3 Bb6 20. Bd2 Ng6 21. Be1 Qe5 22. Rac1 Rxd1 23. Rxd1 Bc7 24. f4 Qe7 25. Bf2 Bb6 26. Qf3 Re8 27. Nd4 Qc7 28. Nf5 Ne7 29. Ng3 Ng6 30. Nge2 Qc4 31. g4 Ne4 32. Nxe4 Rxe4 33. Nc3 Re8 34. Qd5 Qc7 35. Rd3 Qe7 36. Kg2 Nh4+ 37. Kh2 Ng6 38. Qf3 Nh4 39. Qh1 Ng6 40. Nd5 Qd6 41. Bg3 Qc6 42. Qg2 Bc5 43. e4 Ne7 44. e5 Nxd5 45. Qxd5 Qb6 46. b4 Bf2 47. Qf3 Bxg3+ 48. Kxg3 Rc8 49. Qf2 Qb5 50. Qd2 Kh7 51. Rd8 Rc4 52. Qd3+ g6 53. e6 fxe6 54. Rd7+ Kh8 55. Re7 Rc8 56. Qxg6 Rc3+ 57. Kf2 Qb6+ 58. Kg2 Qc6+ 59. Kf2 Qf3+ 60. Ke1 Qe3+ 61. Kf1 Rc1+ 62. Kg2 Rg1+ 0-1


[Site "https://www.chess.com"]

[Event "Titled Tuesday Blitz May 17 Late 2022"]
[White "Tristan, Leonardo"]
[Black "Keymer, Vincent"]
[WhiteFideId "113816"]
[BlackFideId "12940690"]
[WhiteElo "2404"]
[BlackElo "2548"]
[Result "0-1"]
[Round "09"]
[TimeControl "180+1"]
[Date "2022.05.17"]
[WhiteClock "0:00:01"]
[BlackClock "0:00:05"]

1. d4 Nf6 2. Nf3 e6 3. Bf4 c5 4. c3 Nc6 5. e3 h6 6. h3 d5 7. Nbd2 Bd6 8. Bxd6 Qxd6 9. Bb5 O-O 10. O-O Bd7 11. Bxc6 bxc6 12. Qa4 cxd4 13. cxd4 Rfb8 14. b3 Qf8 15. Ne5 Be8 16. Qa5 Qd6 17. Rfc1 Rb5 18. Qc3 Rc8 19. Nd3 Nd7 20. a4 Rbb8 21. b4 f6 22. b5 Nb6 23. Qa5 Qe7 24. bxc6 Bxc6 25. Nc5 Be8 26. Na6 Ra8 27. Nc5 Rc6 28. Ndb3 Nc4 29. Qe1 Rcc8 30. Nd2 Nd6 31. a5 Bg6 32. a6 Rab8 33. Ndb3 Kh7 34. Na5 e5 35. Ncb7 Rxc1 36. Rxc1 Rc8 37. Nc6 Qc7 38. Qb4 Ne4 39. f3 Ng3 40. Rc5 exd4 41. Nxd4 Qd7 42. Rxc8 Qxc8 43. Qc5 Qd7 44. Nc6 d4 45. Nxd4 Qa4 46. Qc1 Qxa6 47. Nc5 Qd6 48. Nce6 Bf7 49. Qc2+ Bg6 50. Qc1 Bf5 51. Nf4 Qe5 52. Kf2 g5 53. Kxg3 gxf4+ 54. Kf2 fxe3+ 55. Qxe3 Qxe3+ 56. Kxe3 Bd7 57. f4 Kg6 58. g4 a5 59. f5+ Kf7 60. Kd3 Ke7 61. Kc4 Kd6 62. Nf3 Bc6 63. Nd4 Bg2 64. h4 Bh3 65. g5 fxg5 66. hxg5 hxg5 67. f6 Bd7 68. Nf3 g4 69. Nd4 g3 0-1


[Site "https://www.chess.com"]

[Event "Titled Tuesday Blitz May 17 Late 2022"]
[White "Wagner, Dennis"]
[Black "Omariev, Maksim"]
[WhiteFideId "24650684"]
[BlackFideId "4193423"]
[WhiteElo "2355"]
[BlackElo "2523"]
[Result "1-0"]
[Round "09"]
[TimeControl "180+1"]
[Date "2022.05.17"]
[WhiteClock "0:01:08"]
[BlackClock "0:00:01"]

1. e4 c5 2. Nf3 d6 3. Bc4 Nf6 4. Nc3 a6 5. d4 cxd4 6. Nxd4 e6 7. O-O b5 8. Bb3 Be7 9. Qf3 Qc7 10. Qg3 O-O 11. Bh6 Ne8 12. Rfe1 Kh8 13. Be3 Nf6 14. a3 Rg8 15. Rad1 Bb7 16. f3 Nbd7 17. Ndxb5 axb5 18. Nxb5 Qa5 19. Nxd6 Bxd6 20. Qxd6 Rgd8 21. Qe7 Kg8 22. Kh1 Nf8 23. Qxb7 Rab8 24. Qc6 Rbc8 25. Qb6 Rxd1 26. Rxd1 Qxb6 27. Bxb6 Ng6 28. Rd8+ Rxd8 29. Bxd8 Ne5 30. a4 Nc6 31. Bb6 Nd7 32. a5 Nb4 33. Ba4 Nb8 34. c3 N4a6 35. b4 e5 36. b5 1-0


[Site "https://www.chess.com"]

[Event "Titled Tuesday Blitz May 17 Late 2022"]
[White "Xiong, Jeffery"]
[Black "Pap, Gyula"]
[WhiteFideId "2047640"]
[BlackFideId "725323"]
[WhiteElo "2727"]
[BlackElo "2553"]
[Result "1-0"]
[Round "09"]
[TimeControl "180+1"]
[Date "2022.05.17"]
[WhiteClock "0:00:28"]
[BlackClock "0:00:01"]

1. e4 c6 2. c4 e6 3. d4 d5 4. Nc3 Bb4 5. e5 Ne7 6. Nf3 c5 7. a3 Ba5 8. dxc5 Bxc3+ 9. bxc3 Nbc6 10. cxd5 exd5 11. Bd3 Bf5 12. O-O O-O 13. Bxf5 Nxf5 14. Qd3 Nh4 15. Ng5 Ng6 16. f4 Qe7 17. Be3 Rad8 18. Rae1 f6 19. exf6 Qxf6 20. Bd4 Qf5 21. Qxf5 Rxf5 22. Ne6 Rd7 23. g4 Rff7 24. f5 Nf8 25. Nf4 Rfe7 26. Rxe7 Rxe7 27. f6 Rf7 28. Nxd5 Ne6 29. Be3 Ne5 30. h3 Rd7 31. Ne7+ Kf7 32. fxg7+ Kxg7 33. Nf5+ Kg8 34. Bd4 Nxd4 35. cxd4 Nc6 36. Rf4 b6 37. Nd6 bxc5 38. dxc5 Ne7 39. Rf7 Rc7 40. Kf2 Nd5 41. Rxc7 Nxc7 42. Ke3 Kg7 43. Ne4 Kf7 44. Kd4 Nb5+ 45. Ke5 Nxa3 46. Ng5+ Ke7 47. Nxh7 a5 48. Kd4 a4 49. Kc3 Nb5+ 50. Kb4 a3 51. Kb3 Ke6 52. g5 Kf5 53. h4 Kg6 54. Nf6 Na7 55. Kxa3 1-0


[Site "https://www.chess.com"]

[Event "Titled Tuesday Blitz May 17 Late 2022"]
[White "Yuan, Qingyu"]
[Black "Nazari, Arad"]
[WhiteFideId "8609772"]
[BlackFideId "12577324"]
[WhiteElo "2359"]
[BlackElo "2129"]
[Result "1-0"]
[Round "09"]
[TimeControl "180+1"]
[Date "2022.05.17"]
[WhiteClock "0:00:11"]
[BlackClock "0:00:08"]

1. e4 c5 2. Nf3 d6 3. Bb5+ Nd7 4. c4 g6 5. Nc3 Bg7 6. d3 Nf6 7. h3 O-O 8. Be3 Nb6 9. O-O a6 10. Ba4 Nxa4 11. Nxa4 Bd7 12. Nc3 e5 13. Bg5 Be6 14. a3 h6 15. Bxf6 Bxf6 16. b4 b6 17. Ne1 Kg7 18. Nc2 Qd7 19. Ne3 Rfb8 20. Rb1 Bd8 21. Qc2 b5 22. Ncd5 cxb4 23. axb4 Bg5 24. c5 dxc5 25. Qxc5 Rc8 26. Nb6 Rxc5 27. Nxd7 Rc3 28. Nxe5 Bf4 29. d4 Rxe3 30. fxe3 Bxe3+ 31. Kh1 Bxd4 32. Nc6 Bb6 33. Ra1 Rc8 34. Ne7 Ra8 35. Nd5 Bd4 36. Ra3 Bb2 37. Ra2 Be5 38. Rc1 f5 39. Rc6 Kf7 40. Raxa6 Rxa6 41. Rxa6 fxe4 42. Ra7+ Kf8 43. Re7 Bxd5 44. Rxe5 Bc4 45. Rxe4 Kf7 46. Kg1 Kf6 47. Kf2 Kf5 48. Ke3 g5 49. g3 h5 50. Kd4 Bf1 51. Re5+ Kf6 52. h4 gxh4 53. gxh4 Kg6 54. Rg5+ Kh6 55. Kc5 Be2 56. Kb6 Bf1 57. Rxb5 Bxb5 58. Kxb5 Kg6 59. Kc5 Kf5 60. b5 Kg4 61. b6 Kxh4 62. b7 Kg3 63. b8=Q+ 1-0


[Site "https://www.chess.com"]

[Event "Titled Tuesday Blitz May 17 Late 2022"]
[White "Abdyzhapar, Asylbek"]
[Black "Martic, Ivan"]
[WhiteFideId "13800337"]
[BlackFideId "929301"]
[WhiteElo "2331"]
[BlackElo "2317"]
[Result "0-1"]
[Round "10"]
[TimeControl "180+1"]
[Date "2022.05.17"]
[WhiteClock "0:01:14"]
[BlackClock "0:00:17"]

1. e4 c5 2. Nf3 e6 3. b3 a6 4. Bb2 Nc6 5. Nc3 Nf6 6. d4 cxd4 7. Nxd4 Bb4 8. Qd3 Ne5 9. Qg3 Qc7 10. Ke2 Bxc3 11. Qxc3 Qxc3 12. Bxc3 Nxe4 13. Bb2 d6 14. f3 Nc5 15. Kf2 Bd7 16. Rd1 Rc8 17. Be2 O-O 18. h4 Rfd8 19. h5 h6 20. Rh3 f6 21. Rg3 Kf7 22. c4 Nc6 23. Nc2 Be8 24. Ne3 Ne5 25. Rd4 b5 26. cxb5 Bxb5 27. Bxb5 axb5 28. Ng4 Ncd3+ 29. Ke3 Nxb2 30. Rd2 Rc3+ 31. Ke2 Nbd3 32. Ne3 Nf4+ 33. Kf2 Nxh5 34. Rh3 Nf4 35. Rh4 Nfd3+ 36. Kg3 f5 37. f4 Ng6 38. Rh3 Ndxf4 39. Kf3 Nxh3 40. gxh3 f4 41. Ke2 Rxe3+ 0-1


[Site "https://www.chess.com"]

[Event "Titled Tuesday Blitz May 17 Late 2022"]
[White "Bluebaum, Matthias"]
[Black "Hansen, Eric"]
[WhiteFideId "24651516"]
[BlackFideId "2606771"]
[WhiteElo "2556"]
[BlackElo "2568"]
[Result "1/2-1/2"]
[Round "10"]
[TimeControl "180+1"]
[Date "2022.05.17"]
[WhiteClock "0:00:22"]
[BlackClock "0:00:17"]

1. d4 Nf6 2. c4 e6 3. Nc3 Bb4 4. e3 O-O 5. Bd3 d5 6. cxd5 exd5 7. a3 Bd6 8. Qc2 a6 9. Nge2 Re8 10. O-O Nc6 11. f3 h6 12. Bd2 Be6 13. Be1 Ne7 14. Bh4 g5 15. Bg3 c5 16. Qd2 Rc8 17. Rad1 Nh5 18. Bxd6 Qxd6 19. Bb1 Rcd8 20. Rfe1 Nc6 21. Qd3 Nf6 22. Ng3 cxd4 23. exd4 Bd7 24. Nh5 Rxe1+ 25. Rxe1 Kf8 26. Ng3 Re8 27. Rxe8+ Kxe8 28. Ba2 Be6 29. Nf5 Qf4 30. Ng7+ Kd7 31. Ne2 Qc7 32. Nxe6 Kxe6 33. g3 Ne7 34. Kg2 Kd7 35. Bb3 Qd6 36. Nc1 Nc6 37. Ne2 Kc7 38. Nc3 Qe6 39. Kf2 b5 40. a4 Na5 41. Nxb5+ axb5 42. Qc3+ Kb6 43. Qc5+ Kb7 44. Qxb5+ Qb6 45. Bxd5+ Nxd5 46. Qxd5+ Ka6 47. Qa8+ Qa7 48. Qc8+ Qb7 49. Qc3 Qd5 50. Qc8+ Ka7 51. Qc7+ Nb7 52. Qc3 Kb6 53. g4 f5 54. Qb4+ Kc6 55. Qc3+ Kd7 56. h3 Nd6 57. Qc5 Qb3 58. Qa7+ Ke6 59. d5+ Qxd5 60. Qe3+ Kf7 61. Qc3 Qc4 62. a5 Qb5 63. Qc7+ Ke6 64. gxf5+ Nxf5 65. Qc8+ Kf6 66. Qd8+ Kg6 67. Qb6+ Qxb6+ 68. axb6 Nd6 69. b3 Kf5 70. Ke3 Ke5 71. Kd3 Kd5 72. Ke3 Nf5+ 73. Kf2 Kc6 74. f4 gxf4 75. Kf3 Nd4+ 76. Kxf4 Nxb3 77. Kf5 Nd2 78. Kg6 Nf3 79. Kxh6 Kxb6 80. Kh5 Kc6 81. Kg4 Kd6 82. Kxf3 Ke6 83. Kg4 Kf7 84. Kg5 Kg7 85. Kh5 Kh8 86. h4 Kg8 87. Kg5 Kh8 88. h5 Kg8 89. Kg6 Kh8 90. Kh6 Kg8 91. Kg6 Kh8 92. Kf7 Kh7 93. Kf6 Kh8 94. Kf5 Kh7 95. Kg5 Kh8 96. Kg6 Kg8 97. h6 Kh8 98. h7 1/2-1/2


[Site "https://www.chess.com"]

[Event "Titled Tuesday Blitz May 17 Late 2022"]
[White "Bok, Benjamin"]
[Black "Babazada, Khazar"]
[WhiteFideId "1017063"]
[BlackFideId "13413554"]
[WhiteElo "2658"]
[BlackElo "2406"]
[Result "0-1"]
[Round "10"]
[TimeControl "180+1"]
[Date "2022.05.17"]
[WhiteClock "0:00:02"]
[BlackClock "0:00:47"]

1. d4 g6 2. e4 Bg7 3. Nf3 d6 4. Be3 Nf6 5. Nc3 O-O 6. Qd2 a6 7. h4 h5 8. O-O-O b5 9. Bd3 b4 10. Ne2 a5 11. e5 Ng4 12. Nf4 e6 13. exd6 cxd6 14. Ng5 Nc6 15. d5 Qf6 16. c3 bxc3 17. bxc3 Nxe3 18. fxe3 Nb4 19. dxe6 Bxe6 20. Nfxe6 fxe6 21. Rhf1 Qe5 22. Bxg6 Nxa2+ 23. Qxa2 Qxc3+ 24. Qc2 Qxe3+ 25. Kb1 Rfb8+ 26. Ka2 Rb2+ 27. Qxb2 Bxb2 28. Kxb2 Rb8+ 29. Kc2 Qc5+ 30. Kd3 Rb3+ 31. Kd2 Qe3+ 32. Kc2 Qc3# 0-1


[Site "https://www.chess.com"]

[Event "Titled Tuesday Blitz May 17 Late 2022"]
[White "De La Colina, Nicolas"]
[Black "Szente Varga, Fruzsina"]
[WhiteFideId "30946921"]
[BlackFideId "712264"]
[WhiteElo "2046"]
[BlackElo "1994"]
[Result "1-0"]
[Round "10"]
[TimeControl "180+1"]
[Date "2022.05.17"]
[WhiteClock "0:00:12"]
[BlackClock "0:00:14"]

1. e4 e5 2. Nf3 Nc6 3. Bc4 Be7 4. d4 exd4 5. c3 d3 6. Qb3 Nf6 7. Bxf7+ Kf8 8. e5 Ng4 9. Bf4 d6 10. e6 Nge5 11. Nbd2 Bf6 12. O-O Qe7 13. Rfe1 Nxf7 14. exf7 Qxf7 15. c4 Nd4 16. Nxd4 Bxd4 17. Be3 Be5 18. Nf3 Bf6 19. Bd4 Bxd4 20. Nxd4 Qf6 21. Qxd3 Kf7 22. Re3 Kg8 23. Rf3 Qe7 24. Re3 Qf7 25. Rae1 Bd7 26. Re7 Re8 27. Qe4 Rxe7 28. Qxe7 Qxe7 29. Rxe7 Bc6 30. Rxc7 h6 31. Nxc6 bxc6 32. Rc8+ Kh7 33. Rxh8+ Kxh8 34. f4 Kg8 35. Kf2 Kf7 36. Ke3 Ke6 37. Ke4 d5+ 38. cxd5+ cxd5+ 39. Kd4 Kf5 40. Kxd5 Kxf4 41. Kd4 g5 42. b4 h5 43. a4 h4 44. b5 h3 45. gxh3 Kf3 46. a5 Kg2 47. b6 axb6 48. axb6 Kxh2 49. b7 Kxh3 50. b8=Q g4 51. Ke3 1-0


[Site "https://www.chess.com"]

[Event "Titled Tuesday Blitz May 17 Late 2022"]
[White "Demchenko, Anton"]
[Black "Mekhitarian, Krikor Sevag"]
[WhiteFideId "4160258"]
[BlackFideId "2107660"]
[WhiteElo "2539"]
[BlackElo "2598"]
[Result "1-0"]
[Round "10"]
[TimeControl "180+1"]
[Date "2022.05.17"]
[WhiteClock "0:00:08"]
[BlackClock "0:00:05"]

1. e4 e5 2. Nf3 Nf6 3. Nxe5 d6 4. Nf3 Nxe4 5. Nc3 Nf6 6. d4 d5 7. Bd3 Be7 8. O-O O-O 9. h3 c6 10. Re1 Re8 11. Ne5 Nbd7 12. Qf3 Nf8 13. Bf4 Be6 14. Re2 Bd6 15. Rae1 Qc7 16. Bg3 N6d7 17. Bf5 Nxe5 18. Bxe5 Bxe5 19. Rxe5 Qd7 20. Bd3 f6 21. R5e3 Bf7 22. Nd1 Bg6 23. Bxg6 hxg6 24. h4 Kf7 25. c3 Rxe3 26. Nxe3 Re8 27. g3 Re4 28. Kg2 Qe6 29. h5 gxh5 30. Qxh5+ Ng6 31. Rh1 a5 32. a4 b6 33. Qf3 Ne7 34. Rh7 f5 35. Kf1 Kg8 36. Qh5 Ng6 37. Qh3 f4 38. gxf4 Qxh3+ 39. Rxh3 Rxf4 40. Rg3 Nh4 41. Rg5 Nf3 42. Rf5 Nd2+ 43. Ke2 Rxf5 44. Nxf5 Nc4 45. b3 Na3 46. Ne7+ Kf7 47. Nxc6 Ke6 48. Kd3 b5 49. Nxa5 bxa4 50. bxa4 g5 51. Nb3 Nc4 52. a5 Kd6 53. a6 Kc7 54. Nc5 Kb6 55. f3 Nd6 56. Ne6 Nf7 57. Nc5 Nd6 58. Ke3 Nb5 59. Kd2 Nd6 60. Kd3 Nb5 61. Ne6 Kxa6 62. Nxg5 Kb6 63. Ne6 Kc6 64. Nf4 Kd6 65. Nxd5 1-0


[Site "https://www.chess.com"]

[Event "Titled Tuesday Blitz May 17 Late 2022"]
[White "Dubov, Daniil"]
[Black "Kamsky, Gata"]
[WhiteFideId "24126055"]
[BlackFideId "2000024"]
[WhiteElo "2791"]
[BlackElo "2645"]
[Result "1-0"]
[Round "10"]
[TimeControl "180+1"]
[Date "2022.05.17"]
[WhiteClock "0:00:56"]
[BlackClock "0:00:12"]

1. d4 Nf6 2. Nf3 e6 3. c4 d5 4. g3 Bb4+ 5. Nbd2 O-O 6. Bg2 b6 7. O-O a5 8. Ne5 Bb7 9. Qc2 Nbd7 10. cxd5 Nxe5 11. dxe5 Nxd5 12. Ne4 Be7 13. a3 a4 14. Rd1 Qc8 15. Bg5 h6 16. Bxe7 Nxe7 17. Rac1 Nd5 18. Rd4 Rd8 19. Qd2 Qd7 20. Nf6+ Nxf6 21. Rxd7 Rxd7 22. Qf4 Nd5 23. Qh4 c5 24. Rd1 Rad8 25. Bf3 Bc6 26. Rd2 b5 27. Bxd5 Bxd5 28. e4 Bb3 29. Qxd8+ Rxd8 30. Rxd8+ Kh7 31. Rc8 1-0


[Site "https://www.chess.com"]

[Event "Titled Tuesday Blitz May 17 Late 2022"]
[White "Fishbein, Alexander"]
[Black "Chigaev, Maksim"]
[WhiteFideId "2000377"]
[BlackFideId "4108116"]
[WhiteElo "2442"]
[BlackElo "2457"]
[Result "0-1"]
[Round "10"]
[TimeControl "180+1"]
[Date "2022.05.17"]
[WhiteClock "0:00:02"]
[BlackClock "0:00:32"]

1. e4 c6 2. d4 d5 3. Nc3 dxe4 4. Nxe4 Bf5 5. Nc5 b6 6. Nb3 e6 7. Nf3 Nf6 8. g3 Nbd7 9. Bg2 Rc8 10. O-O Be7 11. Ne5 Nxe5 12. dxe5 Qxd1 13. Rxd1 Nd5 14. Nd4 Bg4 15. f3 Bh5 16. c4 Nb4 17. a3 Na6 18. Be3 Bc5 19. b4 Bxd4 20. Rxd4 h6 21. Rd6 c5 22. b5 Nc7 23. f4 Ke7 24. a4 Rhd8 25. Rc6 Be2 26. Rc1 Ne8 27. Kf2 Rxc6 28. Bxc6 Bg4 29. a5 Rd1 30. Rxd1 Bxd1 31. axb6 axb6 32. Bxc5+ bxc5 33. b6 Nd6 34. exd6+ Kxd6 35. b7 Kc7 36. Ke3 Bc2 37. g4 g5 38. fxg5 hxg5 39. Kd2 Bg6 40. Ke3 f5 41. gxf5 exf5 42. Bd5 Bh5 43. Be6 f4+ 44. Ke4 Kxb7 45. Kf5 f3 46. Bd5+ Kb6 47. Kxg5 f2 48. Bg2 Be2 49. h4 f1=Q 50. Bxf1 Bxf1 51. h5 Bxc4 0-1


[Site "https://www.chess.com"]

[Event "Titled Tuesday Blitz May 17 Late 2022"]
[White "Grischuk, Alexander"]
[Black "Andreikin, Dmitry"]
[WhiteFideId "4126025"]
[BlackFideId "4158814"]
[WhiteElo "2762"]
[BlackElo "2736"]
[Result "1-0"]
[Round "10"]
[TimeControl "180+1"]
[Date "2022.05.17"]
[WhiteClock "0:00:03"]
[BlackClock "0:00:02"]

1. e4 e5 2. Nf3 Nf6 3. Nxe5 d6 4. Nf3 Nxe4 5. Nc3 Nf6 6. d4 g6 7. Bg5 Bg7 8. Qe2+ Kf8 9. O-O-O h6 10. Be3 a6 11. Qd2 b5 12. Bd3 Bb7 13. Kb1 Nbd7 14. Rhe1 Nb6 15. Ne2 Nfd5 16. Nf4 Nc4 17. Qe2 Qf6 18. Nxd5 Bxd5 19. Bc1 a5 20. Be4 Re8 21. Qd3 Be6 22. Bc6 Rb8 23. h3 Rb6 24. Qe4 Kg8 25. g4 a4 26. Bd5 Bxd5 27. Qxd5 c6 28. Qe4 Kh7 29. g5 Qf5 30. Qxf5 gxf5 31. Re7 Rf8 32. b3 axb3 33. axb3 Na5 34. Bf4 c5 35. Rd7 Nb7 36. dxc5 Nxc5 37. R7xd6 Ra8 38. Be5 Rxd6 39. Rxd6 Ne4 40. Rd7 Kg8 41. Bxg7 Kxg7 42. gxh6+ Kxh6 43. Nd4 b4 44. Nxf5+ Kg5 45. Ne3 Nxf2 46. Rxf7 Ne4 47. Nd5 Rb8 48. Kb2 Rb5 49. Rd7 Nc5 50. Rd8 Ne6 51. Rd6 Nc5 52. Ne3 Ne4 53. Rd5+ Rxd5 54. Nxd5 Kf5 55. Nxb4 Nf2 56. h4 Kg4 57. Nd5 Kxh4 58. b4 Kg5 59. Kc3 Kf5 60. Kd4 Ke6 61. c4 Kd6 62. b5 Ng4 63. c5+ Kd7 64. Nb6+ Kc7 65. Nd5+ Kb8 66. c6 Nh6 67. b6 Nf7 68. Kc5 Ne5 69. Ne7 Ka8 70. Kb5 Nf7 71. Ka6 Nd6 72. c7 Nc8 73. b7# 1-0


[Site "https://www.chess.com"]

[Event "Titled Tuesday Blitz May 17 Late 2022"]
[White "Holt, Conrad"]
[Black "Sjugirov, Sanan"]
[WhiteFideId "2034387"]
[BlackFideId "4189302"]
[WhiteElo "2586"]
[BlackElo "2602"]
[Result "1-0"]
[Round "10"]
[TimeControl "180+1"]
[Date "2022.05.17"]
[WhiteClock "0:00:03"]
[BlackClock "0:00:01"]

1. d4 Nf6 2. c4 e6 3. Nc3 Bb4 4. Qc2 d5 5. cxd5 exd5 6. Bg5 h6 7. Bxf6 Qxf6 8. a3 Bxc3+ 9. Qxc3 O-O 10. e3 c6 11. Ne2 Bf5 12. Ng3 Bg6 13. Be2 Nd7 14. O-O Qe7 15. b4 a6 16. a4 Qd6 17. Rfc1 f5 18. f4 Rfe8 19. b5 axb5 20. axb5 Rxa1 21. Rxa1 c5 22. dxc5 Qxc5 23. Qxc5 Nxc5 24. Ra3 Kf8 25. Rc3 b6 26. Bf3 Rd8 27. Ne2 Bf7 28. Ra3 g6 29. Nd4 Rd7 30. Ra8+ Kg7 31. h4 Ne6 32. Nc6 d4 33. Ne5 Rc7 34. Nxf7 Kxf7 35. exd4 Nxd4 36. Bd5+ Kg7 37. Rg8+ Kh7 38. Rb8 Rc5 39. Rb7+ Kh8 40. Bf7 Rxb5 41. Bxg6 Ne2+ 42. Kh2 Nxf4 43. Be8 Rb2 44. Bc6 Kg8 45. Kg3 Ne2+ 46. Kh3 Kf8 47. Bf3 Nd4 48. Bh5 Ne6 49. Kg3 1-0


[Site "https://www.chess.com"]